 Dungeon Crawl Stone Soup version 0.30-a0-715-gdb4ae3ece1 (webtiles) character file.

Game seed: 16496978545501169277

358 wormed the Sneak (level 6, -9/55 HPs)
             Began as a Naga Fire Elementalist on Jan 24, 2023.
             Was a Follower of Vehumet.
             Mangled by a gnoll sergeant
             ... wielding a +0 spear
              (11 damage)
             ... on level 4 of the Dungeon.
             The game lasted 00:06:04 (4092 turns).

wormed the Sneak (Naga Fire Elementalist)           Turns: 4092, Time: 00:06:05

Health: -9/55      AC:  5    Str: 10    XL:     6   Next: 64%
Magic:  0/10       EV:  9    Int: 18    God:    Vehumet [*.....]
Gold:   230        SH:  0    Dex: 11    Spells: 5/11 levels left

rFire   . . .      SeeInvis +    (no weapon)
rCold   . . .      Faith    .    (no shield)
rNeg    . . .      Spirit   .    k - +0 leather armour
rPois   +          Reflect  .    (no helmet)
rElec   .          Harm     .    t - +1 cloak
rCorr   .          Rampage  .    (no gloves)
Will    .....                    (no barding)
Stlth   +++                      (no amulet)
HPRegen 0.29/turn                (no ring)
MPRegen 0.12/turn                (no ring)

@: attractive, unable to drink, very slow
A: AC +2, large, see invisible, deformed body, poison resistance, slowness 2,
spit poison 1, naga tail 1, stinger 1, inability to drink after injury 1
a: Spit Poison, Renounce Religion


You were on level 4 of the Dungeon.
You worshipped Vehumet.
Vehumet was aware of your devotion.
You visited 2 branches of the dungeon, and saw 5 of its levels.

You collected 230 gold pieces.

Inventory:

Hand Weapons
 g - a +0 dagger
Armour
 k - a +0 leather armour (worn)
 t - a +1 cloak (worn)
Jewellery
 l - a ring of willpower
Scrolls
 c - a scroll of immolation {unknown}
 d - 4 scrolls of teleportation {unknown}
 f - a scroll of poison {unknown}
 i - a scroll of fog {unknown}
 j - 5 scrolls of identify {unknown}
 p - a scroll of summoning {unknown}
 q - a scroll of enchant armour {unknown}
 u - a scroll of noise {unknown}
 v - a scroll of fear {unknown}
 x - a scroll of vulnerability {unknown}
Potions
 e - a potion of lignification
 h - a potion of mutation
 o - a potion of brilliance {unknown}
 r - a potion of resistance


   Skills:
 + Level 2.6 Fighting
 - Level 1.5 Dodging
 + Level 5.4 Stealth
 + Level 3.2 Spellcasting
 + Level 3.0 Conjurations
 + Level 4.1 Fire Magic


You had 5 spell levels left.
You knew the following spells:

 Your Spells              Type           Power      Damage    Failure   Level
a - Foxfire               Conj/Fire      60%        2x1d7     4%          1
b - Scorch                Fire           34%        2d7       6%          2
c - Inner Flame           Hex/Fire       10%        N/A       28%         3

Your spell library contained the following spells:

 Spells                   Type           Power      Damage    Failure   Level
 Sandblast                Erth           4%         2d4       22%         1
 Kindle Blastsparks       Fire/Tloc/Air  14%        2d11      36%         3
 Flame Wave               Conj/Fire      15%        2d7       45%         4


Dungeon Overview and Level Annotations

Branches:
Dungeon (4/15)             Temple (1/1) D:4

Altars:
Cheibriados
Dithmenos
Gozag
Hepliaklqana
Qazlal
Ru
Trog
Vehumet
Zin
The Shining One

Annotations:
D:4 3 runed translucent doors


Innate Abilities, Weirdness & Mutations

Your serpentine skin is tough. (AC +2)
You have supernaturally acute eyesight. (SInv)
Armour fits poorly on your strangely shaped body.
Your system is resistant to poisons. (rPois)
You cover ground very slowly.
You can spit poison.
You have a snake-like lower body.
Your tail ends in a venomous barb.
You occasionally lose the ability to drink potions when taking damage.


Message History

The gnoll sergeant is moderately wounded.
The gnoll sergeant hits you but does no damage.
You hit the gnoll sergeant but do no damage.
The gnoll sergeant is moderately wounded.
The gnoll sergeant hits you with a +0 spear!
* * * LOW HITPOINT WARNING * * *
Casting: Foxfire (safe; 3% risk of failure)
Confirm with . or Enter, or press ? or * to list all spells.
Flames lash the gnoll sergeant.
The gnoll sergeant is moderately wounded.
The gnoll sergeant's fire resistance burns away.
The gnoll sergeant hits you with a +0 spear!
* * * LOW HITPOINT WARNING * * *
It was a potion of resistance.
You feel protected.
The gnoll sergeant hits you but does no damage.
It was a potion of mutation.
You feel extremely strange.
A venomous barb forms on the end of your tail.
You occasionally lose the ability to drink potions when taking damage.
The gnoll sergeant hits you but does no damage.
It was a potion of curing.
You feel better.
The gnoll sergeant is no longer more vulnerable to fire.
The gnoll sergeant hits you but does no damage.
It was a potion of might.
You feel very mighty all of a sudden.
The gnoll sergeant hits you but does no damage.
It was a potion of cancellation.
Your magical effects are unravelling.
You feel magically purged.
You feel less wooden.
Your +1 cloak unmelds from your body.
Your +0 leather armour unmelds from your body.
You feel a little less mighty now.
Your resistance to elements expires.
The gnoll sergeant hits you with a +0 spear.
* * * LOW HITPOINT WARNING * * *
It was a potion of attraction.
You feel attractive to monsters.
The gnoll sergeant hits you with a +0 spear!
You feel threatened and lose the ability to drink potions!
You die...

.......# .......# .......#
#+#....# ♣♣♣♣♣♣ #.#....#
♣♣...)♣ #.##...# ♣♣♣..#####
#.##...# ♣♣♣.)..#...# #..##
#.##...#♣♣....♣)#...###.#.....
......))).......@g.).##.#.##.#
#.##.).#♣♣)..♣.)#...###.#.##.#
#.##...# ♣♣♣....#...# #.#.##.#
#.##...# ♣♣♣..##### #.#.##.#
#.####.# ♣♣)...♣ #.#.##.# #.#
#.# ## ♣♣♣♣♣♣###.#.##.##
#.####.#..# #.......<.#
#>.....#.# .######.#####.##
.........# ...............#


You could see a gnoll sergeant.

Vanquished Creatures
  A jelly (D:3)
  A gnoll bouda (D:4)
  2 orc wizards (D:4)
  5 adders
  11 gnolls (D:4)
  2 worms
  14 orcs
  4 endoplasms
  4 giant cockroaches
  6 goblins
  4 hobgoblins
  2 jackals (D:3)
  5 kobolds
  2 quokkas
  6 ball pythons
  11 bats
  A frilled lizard (D:3)
  4 rats
85 creatures vanquished.

Vanquished Creatures (others)
  103 foxfires
103 creatures vanquished.

Grand Total: 188 creatures vanquished

Notes
Turn   | Place    | Note
-------+----------+-------------------------------------------
     0 | D:1      | wormed the Naga Fire Elementalist began the quest for the
                  | Orb.
     0 | D:1      | Reached XP level 1. HP: 15/15 MP: 3/3
   175 | D:1      | Reached XP level 2. HP: 17/24 MP: 0/5
   178 | D:1      | Learned a level 2 spell: Scorch
  1006 | D:2      | Reached XP level 3. HP: 30/30 MP: 3/6
  1271 | D:2      | Reached skill level 1 in Fighting
  2005 | D:2      | Reached XP level 4. HP: 38/38 MP: 2/7
  2126 | D:2      | Learned a level 3 spell: Inner Flame
  2353 | D:3      | Reached skill level 4 in Stealth
  2408 | D:3      | Found a glowing silver altar of Zin.
  2408 | D:3      | Found an opulent altar of Gozag.
  2863 | D:3      | Reached XP level 5. HP: 37/45 MP: 1/9
  3402 | D:4      | Found a staircase to the Ecumenical Temple.
  3512 | Temple   | Entered the Ecumenical Temple
  3575 | Temple   | Became a worshipper of Vehumet
  3740 | D:4      | Found a runed translucent gate.
  3742 | D:4      | Found a runed translucent gate.
  3743 | D:4      | Found a runed translucent gate.
  3924 | D:4      | Reached XP level 6. HP: 52/52 MP: 4/10
  3929 | D:4      | Reached skill level 5 in Stealth
  4039 | D:4      | Found the +5 woodcutter's axe
  4066 | D:4      | Reached * piety under Vehumet
  4066 | D:4      | Offered knowledge of Sandblast by Vehumet.
  4086 | D:4      | HP: 1/82 [gnoll sergeant/+0 spear (9)]
  4088 | D:4      | Gained mutation: Your tail ends in a venomous barb. [potion
                  | of mutation]
  4088 | D:4      | Gained mutation: You occasionally lose the ability to drink
                  | potions when taking damage. [potion of mutation]
  4091 | D:4      | HP: 2/55 [gnoll sergeant/+0 spear (3)]
  4092 | D:4      | Mangled by a gnoll sergeant

Illustrated notes

Levels and vault maps discovered:
D:1:      dpeg_arrival_round_c, layout_rooms, minmay_crystal_water
D:2:      layout_loops_ring, serial_rivers, chequers_serial_rivers_micro_b,
          chequers_serial_rivers_micro_e, chequers_serial_rivers_micro_c,
          chequers_serial_rivers_micro_e, chequers_serial_rivers_large_b,
          minivault_24
D:3:      layout_loops_ring, grunt_temple_overflow_gold_and_silver,
          kennysheep_generic_room_11
D:4:      layout_basic, minmay_temple_entry_mist, gammafunk_ghost_icy,
          pf_guarded_unrand_woodcutter
Temple:   bh_familiar_temple

Skill      XL: |  1  2  3  4  5  6 |
---------------+-------------------+-----
Fighting       | 1 2 |  2.6
Stealth        | 4 5 |  5.4
Conjurations   | 2 3 |  3.0
Spellcasting   | 3 |  3.2
Fire Magic     | 4 |  4.1
Dodging        | |  1.5

Action                     |  1- 3 |  4- 6 || total
---------------------------+-------+-------++-------
  Melee: Dagger            |    16 |    23 ||    39
         Unarmed           |     1 |    51 ||    52
         Punch             |       |     2 ||     2
   Cast: Foxfire           |    18 |    43 ||    61
         Scorch            |    30 |    27 ||    57
         Inner Flame       |       |     1 ||     1
Ability: Spit Poison       |     2 |     2 ||     4
  Evoke: Wand              |       |     5 ||     5
    Use: Potion            |       |    11 ||    11
 Armour: Robe              |     3 |       ||     3
         Leather armour    |     6 |    18 ||    24
         Skin              |       |    94 ||    94
  Dodge: Dodged            |    25 |    34 ||    59

Table legend: (Time is in decaauts)
 A = Elapsed time spent in this place.
 B = Non-inter-level travel time spent in this place.
 C = Inter-level travel time spent in this place.
 D = Time resting spent in this place.
 E = Time spent auto-exploring this place.
 F = Levels seen in this place.
 G = Mean time per level.
                   A        B        C        D        E       F      G
               +--------+--------+--------+--------+--------+-----+--------+
         Total |   4934 |   4762 |    172 |      0 |   4031 |   5 |  986.8 |
       Dungeon |   4819 |   4677 |    142 |      0 |   3974 |   4 | 1204.8 |
        Temple |    114 |     85 |     29 |      0 |     56 |   1 |  114.0 |
               +--------+--------+--------+--------+--------+-----+--------+

Top non-repeatable levels by time:
     D:2: 1668 daAuts
     D:3: 1167 daAuts
     D:1: 1062 daAuts
     D:4: 920 daAuts
  Temple: 114 daAuts
